General information
- name: BNet
- type: Ladder team game (AT/RT)
- host: Battle.net
- saver: sc2no.wc4yes
map: FullScaleAssault
- players: 8
- length: 29:43
- speed: Fast
- version: 1.26 W3XP
- replay type: Public
» download(241 KB)
Players
team 1 (winner)

»
sc2no.wc4yes (
pink | 68 APM | 2014 actions | 29:43)
8 Blood Mage
3 Flame Strike
3 Siphon Mana
1 Summon Phoenix
1 Banish
» actions
| Assign group hotkey | 88 | |
| Basic commands | 41 | |
| Build / train | 98 | |
| ESC pressed | 1 | |
| Enter build submenu | 40 | |
| Enter hero's abilities submenu | 8 | |
| Give item / drop item | 4 | |
| Right click | 698 | |
| Select / deselect | 258 | |
| Select group hotkey | 605 | |
| Use ability | 173 | |
2014 total
» units
| Peasant | 24 | |
| Goblin Shredder | 5 | |
| Sorceress | 1 | |
| Goblin Zeppelin | 2 | |
| Flying Machine | 12 | |
44 total
» upgrades
| Masonry | 3 | |
| Magic Sentry | 1 | |
| Sorceress Training | 1 | |
| Gunpowder | 3 | |
| Plating | 3 | |
| Flak Cannons | 1 | |
| Barrage | 1 | |
| Fragmentation Shards | 1 | |
| Flying Machine Bombs | 1 | |
15 total
» buildings
| Altar of Kings | 1 | |
| Farm | 12 | |
| Lumber Mill | 1 | |
| Town Hall | 2 | |
| Keep | 1 | |
| Scout Tower | 45 | |
| Guard Tower | 21 | |
| Arcane Tower | 1 | |
| Arcane Vault | 1 | |
| Castle | 2 | |
| Arcane Sanctum | 1 | |
| Blacksmith | 2 | |
| Workshop | 7 | |
97 total
» build order
00:09 Altar of Kings
00:17 Farm
00:50 Farm
01:23 Farm
01:35 Lumber Mill
01:46 Farm
04:30 Town Hall
04:57 Keep
05:33 Scout Tower
05:34 Scout Tower
05:35 Scout Tower
05:37 Scout Tower
05:59 Scout Tower
05:59 Scout Tower
06:00 Scout Tower
06:00 Scout Tower
06:00 Scout Tower
06:02 Guard Tower
06:04 Scout Tower
06:06 Scout Tower
06:09 Guard Tower
06:20 Scout Tower
06:20 Scout Tower
06:20 Scout Tower
06:21 Scout Tower
06:21 Scout Tower
06:21 Scout Tower
06:22 Scout Tower
06:22 Scout Tower
06:42 Guard Tower
06:46 Arcane Tower
06:47 Arcane Vault
07:05 Guard Tower
07:21 Castle
07:21 Castle
07:23 Guard Tower
07:34 Arcane Sanctum
07:36 Guard Tower
07:57 Guard Tower
07:57 Guard Tower
08:39 Town Hall
08:52 Scout Tower
08:52 Scout Tower
08:53 Scout Tower
08:54 Scout Tower
08:54 Scout Tower
09:14 Scout Tower
09:14 Scout Tower
09:15 Scout Tower
09:15 Scout Tower
09:16 Scout Tower
09:16 Scout Tower
09:17 Scout Tower
09:17 Scout Tower
09:18 Scout Tower
09:18 Scout Tower
09:31 Farm
09:34 Guard Tower
09:57 Guard Tower
10:28 Blacksmith
10:30 Blacksmith
10:39 Guard Tower
10:55 Guard Tower
11:20 Guard Tower
11:33 Scout Tower
11:34 Scout Tower
12:09 Guard Tower
12:21 Workshop
12:23 Workshop
12:47 Workshop
13:43 Guard Tower
14:09 Farm
14:09 Farm
14:12 Workshop
14:12 Workshop
14:20 Scout Tower
14:20 Scout Tower
14:23 Scout Tower
14:24 Scout Tower
14:24 Scout Tower
14:24 Scout Tower
15:25 Workshop
15:26 Workshop
15:31 Guard Tower
16:15 Guard Tower
17:02 Farm
17:03 Farm
17:04 Farm
17:04 Farm
22:46 Guard Tower
» items
| Boots of Speed | 1 | |
| Staff of Teleportation | 1 | |
| Potion of Invisibility | 2 | |
| Scroll of Town Portal | 1 | |
5 total
iMaGiNe] (
red | 101 APM | 2995 actions | 29:42)
9 Archmage
3 Summon Water Elemental
3 Brilliance Aura
1 Mass Teleport
2 Blizzard
» actions
| Assign group hotkey | 156 | |
| Basic commands | 222 | |
| Build / train | 148 | |
| ESC pressed | 2 | |
| Enter build submenu | 53 | |
| Enter hero's abilities submenu | 10 | |
| Give item / drop item | 2 | |
| Remove unit from queue | 7 | |
| Right click | 1198 | |
| Select / deselect | 342 | |
| Select group hotkey | 727 | |
| Use ability | 128 | |
2995 total
» units
| Peasant | 27 | |
| Goblin Shredder | 1 | |
| Gryphon Rider | 14 | |
42 total
» upgrades
| Masonry | 3 | |
| Swords | 3 | |
| Armor | 3 | |
| Storm Hammers | 1 | |
| Animal War Training | 1 | |
| Lumber Harvesting | 2 | |
13 total
» buildings
| Altar of Kings | 1 | |
| Farm | 13 | |
| Arcane Vault | 1 | |
| Keep | 2 | |
| Town Hall | 3 | |
| Lumber Mill | 3 | |
| Scout Tower | 70 | |
| Guard Tower | 63 | |
| Blacksmith | 1 | |
| Castle | 3 | |
| Gryphon Aviary | 4 | |
| Barracks | 1 | |
165 total
» build order
00:10 Altar of Kings
00:12 Farm
00:46 Farm
01:10 Arcane Vault
01:16 Farm
02:07 Farm
03:52 Keep
03:55 Town Hall
04:01 Lumber Mill
04:07 Scout Tower
04:10 Scout Tower
04:43 Scout Tower
05:03 Guard Tower
05:03 Guard Tower
05:08 Scout Tower
06:12 Scout Tower
06:15 Scout Tower
06:18 Scout Tower
06:19 Scout Tower
06:20 Scout Tower
06:21 Scout Tower
06:22 Scout Tower
06:23 Scout Tower
06:24 Scout Tower
06:29 Scout Tower
06:31 Scout Tower
06:32 Scout Tower
06:32 Scout Tower
06:34 Scout Tower
06:34 Scout Tower
06:58 Scout Tower
06:59 Guard Tower
07:00 Guard Tower
07:13 Guard Tower
07:21 Guard Tower
07:25 Scout Tower
07:26 Scout Tower
07:31 Guard Tower
07:37 Guard Tower
07:48 Scout Tower
07:51 Lumber Mill
08:03 Guard Tower
08:08 Guard Tower
08:08 Guard Tower
08:25 Guard Tower
08:25 Guard Tower
08:33 Guard Tower
08:33 Guard Tower
08:53 Scout Tower
08:54 Scout Tower
08:57 Lumber Mill
09:06 Guard Tower
09:07 Guard Tower
09:07 Guard Tower
09:15 Guard Tower
09:15 Guard Tower
10:00 Blacksmith
10:12 Castle
10:12 Castle
10:20 Guard Tower
10:29 Guard Tower
10:29 Guard Tower
11:15 Gryphon Aviary
11:17 Gryphon Aviary
11:19 Gryphon Aviary
11:23 Gryphon Aviary
11:31 Barracks
11:41 Scout Tower
11:44 Scout Tower
11:46 Guard Tower
12:05 Farm
12:06 Farm
12:06 Farm
13:05 Farm
13:06 Farm
13:11 Farm
13:13 Farm
13:16 Farm
13:19 Farm
13:30 Guard Tower
13:40 Town Hall
14:07 Scout Tower
14:08 Scout Tower
14:10 Scout Tower
15:35 Guard Tower
15:35 Guard Tower
15:36 Guard Tower
15:37 Guard Tower
15:40 Scout Tower
15:42 Scout Tower
15:43 Scout Tower
15:44 Scout Tower
15:45 Scout Tower
16:45 Guard Tower
16:46 Guard Tower
18:02 Guard Tower
18:02 Guard Tower
18:57 Scout Tower
18:58 Scout Tower
18:59 Scout Tower
19:02 Scout Tower
19:03 Scout Tower
22:40 Town Hall
22:45 Scout Tower
22:46 Scout Tower
22:48 Scout Tower
22:49 Scout Tower
22:50 Scout Tower
22:54 Scout Tower
22:55 Scout Tower
22:56 Scout Tower
22:56 Scout Tower
22:57 Scout Tower
22:58 Scout Tower
23:01 Scout Tower
23:01 Scout Tower
23:02 Scout Tower
23:03 Scout Tower
23:03 Scout Tower
23:51 Guard Tower
23:51 Guard Tower
23:52 Guard Tower
24:54 Guard Tower
24:54 Guard Tower
25:30 Guard Tower
25:30 Guard Tower
25:34 Scout Tower
25:37 Scout Tower
25:38 Scout Tower
25:38 Scout Tower
25:39 Scout Tower
25:40 Scout Tower
25:43 Scout Tower
25:44 Scout Tower
25:44 Scout Tower
25:45 Scout Tower
25:48 Scout Tower
25:49 Scout Tower
25:49 Scout Tower
25:50 Scout Tower
25:52 Guard Tower
26:47 Guard Tower
26:50 Guard Tower
26:51 Guard Tower
26:51 Guard Tower
27:06 Guard Tower
27:07 Guard Tower
28:18 Guard Tower
28:18 Guard Tower
28:18 Guard Tower
29:09 Guard Tower
29:09 Guard Tower
» items
123Test123 (
teal | 94 APM | 2788 actions | 29:42)
9 Keeper of the Grove
3 Force of Nature
3 Thorns Aura
1 Tranquility
2 Entangling Roots
» actions
| Assign group hotkey | 126 | |
| Basic commands | 303 | |
| Build / train | 93 | |
| ESC pressed | 11 | |
| Enter build submenu | 27 | |
| Enter hero's abilities submenu | 9 | |
| Give item / drop item | 3 | |
| Right click | 892 | |
| Select / deselect | 588 | |
| Select group hotkey | 626 | |
| Use ability | 110 | |
2788 total
» units
| Wisp | 16 | |
| Archer | 9 | |
| Dryad | 22 | |
| Mountain Giant | 4 | |
51 total
» upgrades
| Improved Bows | 1 | |
| Strength of the Wild | 3 | |
| Reinforced Hides | 2 | |
| Abolish Magic | 1 | |
| Hardened Skin | 1 | |
| Resistant Skin | 1 | |
9 total
» buildings
| Altar of Elders | 1 | |
| Ancient of War | 1 | |
| Moon Well | 8 | |
| Tree of Ages | 4 | |
| Hunter's Hall | 1 | |
| Ancient of Lore | 3 | |
| Tree of Eternity | 4 | |
| Ancient of Wonders | 1 | |
| Ancient of Wind | 2 | |
| Tree of Life | 1 | |
26 total
» build order
00:38 Altar of Elders
00:44 Ancient of War
00:50 Moon Well
01:33 Moon Well
03:24 Tree of Ages
03:24 Tree of Ages
03:24 Tree of Ages
03:37 Moon Well
03:38 Moon Well
04:27 Hunter's Hall
06:05 Ancient of Lore
06:07 Ancient of Lore
06:32 Moon Well
06:32 Moon Well
07:25 Tree of Eternity
07:26 Tree of Eternity
07:28 Ancient of Wonders
11:06 Ancient of Lore
12:09 Moon Well
12:10 Moon Well
17:30 Ancient of Wind
17:31 Ancient of Wind
21:55 Tree of Life
» items
| Scroll of Town Portal | 2 | |
| Potion of Healing | 1 | |
| Lesser Clarity Potion | 1 | |
4 total
Chaosarmy (
yellow | 49 APM | 1470 actions | 29:42)
5 Keeper of the Grove
2 Force of Nature
3 Thorns Aura
4 Priestess of the Moon
2 Trueshot Aura
2 Searing Arrows
» actions
| Basic commands | 91 | |
| Build / train | 44 | |
| Enter build submenu | 16 | |
| Enter hero's abilities submenu | 9 | |
| Right click | 862 | |
| Select / deselect | 406 | |
| Use ability | 41 | |
1470 total
» units
» upgrades
| Strength of the Wild | 3 | |
| Corrosive Breath | 1 | |
| Reinforced Hides | 1 | |
5 total
» buildings
| Moon Well | 8 | |
| Altar of Elders | 1 | |
| Ancient of War | 1 | |
| Tree of Ages | 1 | |
| Tree of Eternity | 1 | |
| Ancient of Wind | 1 | |
| Chimaera Roost | 3 | |
| Hunter's Hall | 1 | |
17 total
» build order
00:12 Moon Well
00:21 Altar of Elders
00:51 Ancient of War
02:00 Tree of Ages
04:27 Tree of Eternity
06:21 Ancient of Wind
06:30 Moon Well
06:35 Moon Well
06:42 Moon Well
07:29 Chimaera Roost
07:32 Chimaera Roost
07:40 Moon Well
08:37 Chimaera Roost
10:03 Moon Well
10:18 Hunter's Hall
14:26 Moon Well
14:32 Moon Well
» items
team 2 (loser)
Zrek (
green | 42 APM | 1069 actions | 25:15)
5 Crypt Lord
1 Carrion Beetles
3 Spiked Carapace
1 Impale
5 Lich
3 Frost Nova
2 Dark Ritual
1 Death Knight
1 Death Coil
» actions
| Basic commands | 1 | |
| Build / train | 73 | |
| Enter build submenu | 26 | |
| Enter hero's abilities submenu | 11 | |
| Right click | 510 | |
| Select / deselect | 391 | |
| Use ability | 57 | |
1069 total
» units
| Acolyte | 15 | |
| Ghoul | 4 | |
| Crypt Fiend | 4 | |
| Frost Wyrm | 3 | |
| Meatwagon | 4 | |
| Gargoyle | 13 | |
43 total
» upgrades
| Web | 1 | |
| Creature Attack | 3 | |
| Creature Carapace | 2 | |
| Freezing Breath | 1 | |
7 total
» buildings
| Graveyard | 1 | |
| Altar of Darkness | 1 | |
| Ziggurat | 10 | |
| Crypt | 3 | |
| Halls of the Dead | 1 | |
| Nerubian Tower | 3 | |
| Sacrificial Pit | 1 | |
| Spirit Tower | 2 | |
| Black Citadel | 1 | |
| Boneyard | 3 | |
| Tomb of Relics | 1 | |
| Slaughterhouse | 1 | |
| Necropolis | 1 | |
29 total
» build order
00:14 Graveyard
00:18 Altar of Darkness
00:37 Ziggurat
00:59 Crypt
02:51 Halls of the Dead
03:04 Ziggurat
03:11 Nerubian Tower
03:28 Ziggurat
04:17 Ziggurat
05:44 Sacrificial Pit
06:45 Spirit Tower
06:59 Black Citadel
07:36 Ziggurat
08:16 Ziggurat
08:24 Ziggurat
08:42 Ziggurat
09:18 Spirit Tower
10:49 Nerubian Tower
10:56 Boneyard
10:59 Boneyard
11:02 Boneyard
11:50 Ziggurat
12:47 Tomb of Relics
12:54 Nerubian Tower
15:19 Slaughterhouse
19:36 Necropolis
20:44 Crypt
20:51 Crypt
21:44 Ziggurat
» items
| Scroll of Town Portal | 1 | |
| Boots of Speed | 1 | |
| Orb of Corruption | 1 | |
3 total
Arts999 (
purple | 61 APM | 1493 actions | 24:23)
4 Dreadlord
2 Sleep
2 Vampiric Aura
» actions
| Basic commands | 28 | |
| Build / train | 88 | |
| Enter build submenu | 26 | |
| Enter hero's abilities submenu | 4 | |
| Give item / drop item | 3 | |
| Remove unit from queue | 4 | |
| Right click | 800 | |
| Select / deselect | 481 | |
| Use ability | 59 | |
1493 total
» units
| Acolyte | 20 | |
| Ghoul | 12 | |
| Obsidian Statue | 3 | |
| Abomination | 4 | |
| Necromancer | 6 | |
| Meatwagon | 3 | |
| Gargoyle | 6 | |
54 total
» upgrades
| Unholy Strength | 2 | |
| Unholy Armor | 1 | |
| Necromancer Training | 2 | |
| Skeletal Longevity | 1 | |
| Ghoul Frenzy | 1 | |
| Exhume Corpses | 1 | |
| Skeletal Mastery | 1 | |
| Disease Cloud | 1 | |
| Creature Attack | 1 | |
| Creature Carapace | 1 | |
12 total
» buildings
| Altar of Darkness | 1 | |
| Ziggurat | 9 | |
| Crypt | 3 | |
| Graveyard | 1 | |
| Tomb of Relics | 1 | |
| Halls of the Dead | 1 | |
| Spirit Tower | 3 | |
| Nerubian Tower | 1 | |
| Slaughterhouse | 3 | |
| Black Citadel | 1 | |
| Temple of the Damned | 1 | |
| Sacrificial Pit | 1 | |
26 total
» build order
00:15 Altar of Darkness
00:17 Ziggurat
00:43 Crypt
01:06 Graveyard
01:53 Tomb of Relics
01:59 Ziggurat
05:25 Ziggurat
05:29 Halls of the Dead
05:56 Ziggurat
05:58 Ziggurat
06:44 Ziggurat
06:50 Spirit Tower
06:51 Nerubian Tower
06:54 Ziggurat
08:25 Slaughterhouse
08:27 Black Citadel
08:31 Slaughterhouse
08:57 Temple of the Damned
09:19 Sacrificial Pit
09:57 Spirit Tower
12:59 Slaughterhouse
13:02 Ziggurat
16:17 Crypt
16:19 Crypt
19:16 Ziggurat
24:20 Spirit Tower
» items
| Rod of Necromancy | 1 | |
| Boots of Speed | 1 | |
| Periapt of Vitality | 1 | |
| Potion of Healing | 2 | |
| Scroll of Town Portal | 1 | |
| Orb of Corruption | 1 | |
7 total

»
yurikiev (
blue | 62 APM | 1503 actions | 24:20)
4 Death Knight
2 Death Coil
2 Unholy Aura
3 Lich
2 Frost Nova
1 Frost Armor
» actions
| Assign group hotkey | 29 | |
| Basic commands | 5 | |
| Build / train | 100 | |
| Enter build submenu | 15 | |
| Enter hero's abilities submenu | 8 | |
| Give item / drop item | 6 | |
| Remove unit from queue | 1 | |
| Right click | 454 | |
| Select / deselect | 264 | |
| Select group hotkey | 572 | |
| Use ability | 49 | |
1503 total
» units
| Acolyte | 29 | |
| Ghoul | 7 | |
| Gargoyle | 31 | |
| Goblin Zeppelin | 1 | |
| Frost Wyrm | 3 | |
71 total
» upgrades
| Creature Attack | 3 | |
| Creature Carapace | 3 | |
| Stone Form | 1 | |
| Freezing Breath | 1 | |
8 total
» buildings
| Crypt | 1 | |
| Ziggurat | 11 | |
| Altar of Darkness | 1 | |
| Graveyard | 1 | |
| Nerubian Tower | 2 | |
| Halls of the Dead | 1 | |
| Sacrificial Pit | 1 | |
| Black Citadel | 1 | |
| Spirit Tower | 3 | |
| Boneyard | 2 | |
| Tomb of Relics | 1 | |
25 total
» build order
00:57 Crypt
01:01 Ziggurat
01:06 Ziggurat
01:15 Altar of Darkness
01:34 Graveyard
02:17 Nerubian Tower
02:44 Ziggurat
04:16 Halls of the Dead
07:16 Ziggurat
07:18 Ziggurat
07:20 Ziggurat
07:21 Ziggurat
09:00 Ziggurat
09:03 Ziggurat
09:06 Ziggurat
09:08 Ziggurat
09:20 Sacrificial Pit
09:22 Black Citadel
10:08 Nerubian Tower
10:11 Spirit Tower
10:36 Spirit Tower
10:39 Spirit Tower
12:35 Boneyard
12:36 Boneyard
19:47 Tomb of Relics
» items
| Scroll of Town Portal | 2 | |
| Orb of Corruption | 2 | |
4 total
SealTeamVI (
orange | 53 APM | 1571 actions | 29:41)
6 Paladin
1 Divine Shield
3 Holy Light
1 Devotion Aura
1 Resurrection
1 Lich
1 Frost Armor
1 Dreadlord
1 Vampiric Aura
» actions
| Assign group hotkey | 45 | |
| Basic commands | 185 | |
| Build / train | 89 | |
| ESC pressed | 2 | |
| Enter build submenu | 43 | |
| Enter hero's abilities submenu | 8 | |
| Right click | 640 | |
| Select / deselect | 298 | |
| Select group hotkey | 157 | |
| Use ability | 104 | |
1571 total
» units
| Peasant | 12 | |
| Knight | 10 | |
| Sorceress | 1 | |
| Siege Engine | 9 | |
| Priest | 1 | |
| Dragonhawk Rider | 5 | |
| Acolyte | 5 | |
| Frost Wyrm | 2 | |
| Gargoyle | 1 | |
46 total
» upgrades
| Masonry | 2 | |
| Lumber Harvesting | 2 | |
| Swords | 2 | |
| Plating | 2 | |
| Animal War Training | 1 | |
| Sorceress Training | 1 | |
| Barrage | 1 | |
| Priest Training | 1 | |
| Cloud | 1 | |
13 total
» buildings
| Altar of Kings | 1 | |
| Farm | 14 | |
| Lumber Mill | 1 | |
| Scout Tower | 21 | |
| Guard Tower | 10 | |
| Keep | 3 | |
| Arcane Vault | 1 | |
| Blacksmith | 1 | |
| Barracks | 2 | |
| Castle | 1 | |
| Arcane Sanctum | 2 | |
| Town Hall | 1 | |
| Workshop | 2 | |
| Cannon Tower | 4 | |
| Gryphon Aviary | 3 | |
67 total
» build order
00:05 Altar of Kings
00:06 Farm
00:27 Lumber Mill
01:32 Scout Tower
02:02 Scout Tower
02:04 Guard Tower
02:19 Scout Tower
02:23 Keep
02:24 Keep
02:45 Guard Tower
02:49 Scout Tower
02:59 Guard Tower
03:09 Arcane Vault
03:32 Blacksmith
03:42 Guard Tower
04:26 Barracks
04:28 Barracks
04:47 Castle
05:42 Farm
05:46 Farm
05:47 Farm
05:48 Farm
05:49 Farm
06:57 Arcane Sanctum
06:58 Arcane Sanctum
11:05 Town Hall
11:21 Workshop
11:27 Farm
11:33 Farm
12:40 Scout Tower
12:42 Scout Tower
12:49 Farm
12:54 Farm
12:56 Farm
12:57 Farm
13:01 Farm
13:05 Farm
13:09 Scout Tower
13:12 Scout Tower
13:15 Guard Tower
13:18 Guard Tower
13:42 Scout Tower
13:44 Scout Tower
13:55 Guard Tower
13:56 Guard Tower
14:14 Guard Tower
14:18 Scout Tower
14:21 Scout Tower
14:51 Scout Tower
15:31 Guard Tower
15:34 Scout Tower
15:36 Scout Tower
16:06 Cannon Tower
16:08 Cannon Tower
17:31 Scout Tower
17:32 Scout Tower
18:09 Scout Tower
18:10 Scout Tower
18:13 Scout Tower
18:16 Scout Tower
18:20 Workshop
18:48 Cannon Tower
21:24 Cannon Tower
23:38 Gryphon Aviary
23:39 Gryphon Aviary
23:41 Gryphon Aviary
» items
| Scroll of Regeneration | 2 | |
| Periapt of Vitality | 1 | |
3 total
Chat log
(02:55 / Allies) sc2no.wc4yes: kill the prost
(04:31 / Allies) iMaGiNe]: ill get the top half you get the bottom sc2 ;]
(04:36 / Allies) sc2no.wc4yes: lol
(04:41 / Allies) sc2no.wc4yes: copy
(04:45 / Allies) iMaGiNe]: lolol
(04:48 / Allies) 123Test123: im going dyads and mountain giants
(06:42 / Allies) iMaGiNe]: if you hold shift while you place a turret
(06:44 / All) SealTeamVI: get back here, ho
(06:50 / Allies) iMaGiNe]: you can place multiple
(06:52 / Allies) iMaGiNe]: pink
(07:01 / Allies) sc2no.wc4yes: i learned that in like 2006 dude
(07:02 / Allies) sc2no.wc4yes: lol
(07:06 / Allies) iMaGiNe]: kk LOL
(07:13 / Allies) sc2no.wc4yes: it was 3 years before i discovered shift tho
(07:33 / Allies) iMaGiNe]: how old are ya?
(07:36 / Allies) iMaGiNe]: im 23
(07:37 / Allies) sc2no.wc4yes: 25
(08:43 / Allies) 123Test123: dont make to many towers plz
(08:46 / Allies) 123Test123: get units too?
(08:51 / Allies) iMaGiNe]: i will
(08:57 / Allies) sc2no.wc4yes: well now weve made enough towers
(09:00 / Allies) sc2no.wc4yes: that they have to hold
(09:03 / Allies) iMaGiNe]: yup
(09:04 / Allies) 123Test123: k
(09:04 / Allies) sc2no.wc4yes: or it will be ah uge blow
(09:39 / Allies) sc2no.wc4yes: lol
(09:44 / Allies) sc2no.wc4yes: every last unit on low helath
(09:45 / Allies) sc2no.wc4yes: better tp dude
(09:48 / Allies) sc2no.wc4yes: cheaper than 10 arhers
(10:20 / All) yurikiev: nice
(10:24 / All) iMaGiNe]: :O
(10:47 / Allies) iMaGiNe]: what units are you getting pink
(12:56 / Allies) 123Test123: may i get gold pink?
(13:07 / Allies) sc2no.wc4yes: 12500 right there for you
(13:26 / Allies) 123Test123: ...dude im the only one on the team with units....
(13:30 / Allies) 123Test123: u got 3 gold mines
(13:37 / Allies) sc2no.wc4yes: if i wanted to feed you gold
(13:41 / Allies) sc2no.wc4yes: i woudl have to get a 4th
(13:48 / Allies) 123Test123: u dont need 3...
(13:50 / Allies) 123Test123: u just need 2
(13:55 / Allies) sc2no.wc4yes: on the contrary
(13:59 / Allies) sc2no.wc4yes: im going to need all the gold i mine
(16:28 / Allies) iMaGiNe]: they doooin dra
(16:30 / Allies) iMaGiNe]: drag
(16:41 / Allies) iMaGiNe]: almost killed my shop on misclick
(16:43 / Allies) iMaGiNe]: lolol
(18:20 / Allies) sc2no.wc4yes: they will quit soon
(18:24 / Allies) iMaGiNe]: yup
(18:32 / Allies) iMaGiNe]: ohhhh no
(18:36 / Allies) iMaGiNe]: a trap
(18:58 / Allies) sc2no.wc4yes: soemone go kill that guy
(18:59 / Allies) sc2no.wc4yes: hes stuck
(19:06 / Allies) iMaGiNe]: where
(19:08 / Allies) sc2no.wc4yes: liek maybe
(19:10 / Allies) sc2no.wc4yes: the guyw ith 100 chims
(19:11 / Allies) sc2no.wc4yes: right below
(22:16 / All) iMaGiNe]: MY ASSASSINS
(22:17 / All) iMaGiNe]: NO
(23:11 / Allies) sc2no.wc4yes: elf go heal up
(24:14 / All) yurikiev: gg
(24:18 / All) iMaGiNe]: Gg
(24:19 / All) sc2no.wc4yes: u guys never had a chance
(24:20 / All) sc2no.wc4yes: lol
(24:26 / Allies) iMaGiNe]: nope
(24:27 / All) iMaGiNe]: nope lol;
(24:36 / Allies) iMaGiNe]: gg man
(24:37 / Allies) sc2no.wc4yes: i killed liek 35 acos with flamestrike this game
(24:38 / Allies) iMaGiNe]: : ]
(24:39 / Allies) iMaGiNe]: was a pelasure
(24:42 / Allies) iMaGiNe]: pleasure*
(27:43 / Allies) sc2no.wc4yes: they never even realyl tried the tower walls
(27:50 / Allies) iMaGiNe]: nope
(27:53 / Allies) iMaGiNe]: its demoralizing
(27:55 / Allies) sc2no.wc4yes: lol
(27:56 / Allies) iMaGiNe]: when you approach i
(27:57 / Allies) sc2no.wc4yes: yea
(27:57 / Allies) iMaGiNe]: it
(28:00 / Allies) iMaGiNe]: its like ugh man
(28:02 / Allies) iMaGiNe]: really
(28:04 / Allies) iMaGiNe]: really.
(28:06 / Allies) iMaGiNe]: lol
(28:20 / All) iMaGiNe]: GTFO
(28:20 / All) sc2no.wc4yes: good cloud micro
(29:31 / All) sc2no.wc4yes: i was about to banish you too
(29:33 / All) sc2no.wc4yes: lol
(29:39 / All) SealTeamVI: 7v1 is rough